 Dungeon Crawl Stone Soup version 0.28.0-1-gb440e238dd (webtiles) character file.

Game seed: 338927496495972965

7495 croobank the Magician (level 11, -4/72 HPs)
             Began as a Gnoll Fire Elementalist on Feb 19, 2022.
             Was a Priest of Hepliaklqana.
             Slain by an orc warrior (13 damage)
             ... on level 10 of the Dungeon on Feb 20, 2022.
             The game lasted 00:55:18 (11269 turns).

croobank the Magician (Gnoll Fire Elementalist)    Turns: 11269, Time: 00:55:19

Health: -4/72      AC: 16    Str: 13    XL:     11   Next: 16%
Magic:  7/22       EV: 14    Int: 20    God:    Hepliaklqana [***...]
Gold:   442        SH:  0    Dex: 12    Spells: 13/25 levels left

rFire   . . .      SeeInvis .   a - +5 trident "Dragon's Death Toll" {vorpal, *Corrode rElec Will+}
rCold   . . .      Faith    .   (no shield)
rNeg    . . .      Spirit   .   b - +3 troll leather armour
rPois   .          Reflect  .   (no helmet)
rElec   +          Harm     .   U - +0 cloak
rCorr   .          Rampage  .   y - +1 pair of gloves
Will    +....                   Z - +0 pair of boots
Stlth   +++.......              h - amulet of regeneration
HPRegen 1.82/turn               r - +6 ring of strength
MPRegen 0.18/turn               u - +4 ring of protection

@: mighty, slowed, very slow
A: reduced essence, fangs 1, strong nose, distributed training
a: Renounce Religion, Recall Ancestor, Ancestor Identity, Transference


You were on level 10 of the Dungeon.
You worshipped Hepliaklqana.
Hepliaklqana was most pleased with you.
You visited 2 branches of the dungeon, and saw 12 of its levels.
You also visited: Sewer.

You collected 442 gold pieces.

Inventory:

Hand Weapons
 a - the +5 trident "Dragon's Death Toll" (weapon) {vorpal, *Corrode rElec Will+}
   (You found it on level 8 of the Dungeon)

   It inflicts extra damage upon your enemies.
   rElec:     It insulates you from electricity.
   *Corrode:  It may corrode you when you take damage.
   Will:      It increases your willpower.
 q - a +3 quarterstaff of chaos
 z - a +0 hand crossbow of flaming
 E - a +1 dagger of venom
 J - a +3 vorpal spear
 Q - a +5 whip of venom
 X - a +2 whip of freezing
Missiles
 c - 353 stones
 n - 69 poisoned darts
 w - 4 silver javelins
 A - 129 bolts
 C - 5 throwing nets
Armour
 b - a +3 troll leather armour (worn)
 d - a +0 robe
 e - a +0 scale mail
 g - a +0 ring mail
 o - a +0 leather armour
 y - a +1 pair of gloves (worn)
 L - a +0 plate armour
 U - a +0 cloak (worn)
 Z - a +0 pair of boots (worn)
Magical Staves
 I - a staff of earth
 V - a staff of fire
Jewellery
 h - an amulet of regeneration (around neck)
 m - a +4 ring of protection
 r - a +6 ring of strength (left hand)
 u - a +4 ring of protection (right hand)
 v - a ring of flight
 F - a ring of poison resistance
 K - an amulet of the acrobat
 T - an amulet of guardian spirit
Wands
 O - a wand of flame (26)
 W - a wand of charming (4)
 Y - a wand of acid (4)
Scrolls
 p - 6 scrolls of teleportation
 B - 4 scrolls of magic mapping
 D - a scroll of summoning
 G - 4 scrolls of fog
 M - a scroll of silence
 R - 3 scrolls of identify
Potions
 f - 3 potions of invisibility
 i - a potion of resistance {unknown}
 k - 4 potions of cancellation
 t - a potion of curing
 H - 2 potions of heal wounds
 P - 2 potions of flight
 S - a potion of ambrosia


   Skills:
 + Level 6.0 Fighting
 + Level 6.0 Short Blades
 + Level 6.0 Long Blades
 + Level 6.0 Axes
 + Level 6.0 Maces & Flails
 + Level 6.0 Polearms
 + Level 6.0 Staves
 + Level 6.0 Slings
 + Level 6.0 Bows
 + Level 6.0 Crossbows
 + Level 6.0 Throwing
 + Level 6.0 Armour
 + Level 7.6 Dodging
 + Level 7.4 Stealth
 + Level 6.0 Shields
 + Level 6.0 Unarmed Combat
 + Level 7.9 Spellcasting
 + Level 5.5 Conjurations
 + Level 5.0 Hexes
 + Level 5.0 Summonings
 + Level 5.0 Necromancy
 + Level 5.0 Translocations
 + Level 5.0 Transmutations
 + Level 7.5 Fire Magic
 + Level 5.0 Ice Magic
 + Level 5.0 Air Magic
 + Level 5.0 Earth Magic
 + Level 5.0 Poison Magic
 + Level 6.6 Invocations
 + Level 6.0 Evocations


You had 13 spell levels left.
You knew the following spells:

 Your Spells              Type           Power      Damage    Failure   Level
a - Foxfire               Conj/Fire      100%       2x1d9     1%          1
b - Scorch                Fire           76%        2d9       1%          2
c - Flame Wave            Conj/Fire      34%        2d8       7%          4
d - Yara's Violent Unrav  Hex/Tmut       14%        3d7       36%         5

Your spell library contained the following spells:

 Spells                   Type           Power      Damage    Failure   Level
 Conjure Flame            Conj/Fire      34%        6-21      2%          3
 Inner Flame              Hex/Fire       33%        N/A       2%          3
 Tukima's Dance           Hex            28%        N/A       4%          3
 Leda's Liquefaction      Hex/Erth       14%        N/A       13%         4
 Passage of Golubria      Tloc           28%        N/A       13%         4
 Summon Ice Beast         Ice/Summ       28%        N/A       13%         4
 Lee's Rapid Deconstruct  Erth           14%        3d10*     36%         5
 Summon Mana Viper        Hex/Summ       28%        N/A       36%         5
 Statue Form              Tmut/Erth      18%        N/A       90%         6
 Monstrous Menagerie      Summ           14%        N/A       100%        7


Dungeon Overview and Level Annotations

Branches:
Dungeon (11/15)            Temple (1/1) D:5             Orc (0/2) D:10
  Sewer (visited)
   Lair: D:8-11

Altars:
Hepliaklqana
Xom
Beogh

Shops:
D:1 !   D:10 [


Innate Abilities, Weirdness & Mutations

Your life essence is reduced to manifest your ancestor. (-10% HP)
You have very sharp teeth.
Your uncanny sense of smell can sniff out nearby items.
Your experience applies equally to all skills.


Message History

Wystan hits the orc knight with a +0 quarterstaff.
Wystan hits the orc warrior with a +0 quarterstaff.
The orc closely misses you.
Wystan barely misses the orc warrior.
The orc hits Wystan with a +0 flail.
Something hits Wystan!!
Wystan is destroyed!
The orc hits you with a +0 club.
There is an open door here.
The orc closely misses you.
Okay, then.
You feel very mighty all of a sudden.
The orc no longer looks unusually strong.
The orc warrior no longer looks unusually strong. x2
The orc knight hits you with a +0 broad axe!
You puncture the orc knight!
The orc knight is lightly wounded.
The orc misses you. The orc knight closely misses you.
The orc closely misses you.
The orc warrior hits you with a +0 long sword.
The orc knight hits you but does no damage.
Your magical contamination has completely faded away.
The orc no longer looks unusually strong.
The orc priest calls down the wrath of Beogh upon you.
Beogh smites you! The orc hits you but does no damage.
The orc no longer looks unusually strong.
The orc warrior hits you with a +0 long sword!
The orc knight roars a battlecry!
The orcs go into a battle-frenzy!
The orc warrior misses you.
The orc knight roars a battlecry!
The orc goes into a battle-frenzy!
The orc warrior hits you with a +0 broad axe!
There is a stone staircase leading down, spattered with blood here.
Casting: Yara's Violent Unravelling (quite dangerous; 36% risk of failure)
Confirm with . or Enter, or press ? or * to list all spells.
Okay, then.
The orc priest calls down the wrath of Beogh upon you.
Beogh smites you!
* * * LOW HITPOINT WARNING * * *
The orc warrior hits you with a +0 broad axe!
You die...

#∆#.....# ###.....#
........#
........#############
##..........#.......#
.#..........#..#....#
.#..........'.[+....#
.#..........#..#....#
+#..........####@...#
#############..oo..#
> #...#oooo..# ..
#...#...o..#


_oo #...#o.....# ..oo #...'......# 8ooo. #o###......# ###8'8##.# ########
.....).o)# You could see an orc knight, 2 orc warriors, an orc priest (strong)
and 4 orcs.

Vanquished Creatures
  A kobold demonologist (D:7)
  A komodo dragon (D:10)
  Sigmund (D:3)
  2 steam dragons
  Menkaure (D:7)
  A swamp worm (D:8)
  Duvessa (D:7)
  An ice beast (D:7)
  2 orc warriors
  A necrophage (D:6)
  3 ogres
  2 centaurs
  2 phantoms
  4 kobold brigands
  A bullfrog (D:7)
  A gnoll sergeant (D:6)
  4 scorpions
  A water moccasin zombie (D:6)
  A wyvern skeleton (D:7)
  2 killer bees
  11 wights
  An electric eel (D:11)
  A howler monkey (D:7)
  2 centaur zombies
  A bullfrog zombie (D:5)
  A hound (D:5)
  A jelly (D:6)
  3 centaur skeletons
  A gnoll shaman (D:5)
  5 orc priests
  2 bullfrog skeletons
  Crazy Yiuf (D:7)
  An iguana (D:4)
  Terence (D:3)
  3 orc wizards
  A hound zombie (D:5)
  14 gnolls
  A howler monkey skeleton (D:7)
  9 adders
  4 river rats
  A white imp (D:5)
  3 ufetubi
  2 worms
  2 dart slugs
  27 orcs
  11 endoplasms
  2 giant cockroaches
  12 goblins
  10 hobgoblins
  8 jackals
  23 kobolds
  6 quokkas
  5 ball pythons
  7 bats
  3 frilled lizards
  10 rats
229 creatures vanquished.

Vanquished Creatures (collateral kills)
  A two-headed ogre (D:9)
  A cyclops (D:10)
  3 trolls
  A steam dragon (D:9)
  2 water moccasins
  A swamp worm (D:8)
  An ice beast (D:8)
  A centaur (D:7)
  Dowan (D:7)
  7 killer bees
  2 wights (D:9)
  3 howler monkeys (D:8)
  A centaur zombie (D:8)
  2 orc wizards
  3 gnolls (D:8)
  2 orcs
  A hobgoblin (D:8)
  4 goblins (D:8)
  7 foxfires (D:8)
44 creatures vanquished.

Vanquished Creatures (others)
  A battlemage (D:10)
  An ancestor (D:7)
  303 foxfires
  4 plants (D:8)
309 creatures vanquished.

Grand Total: 582 creatures vanquished

Notes
Turn   | Place    | Note
-------+----------+-------------------------------------------
     0 | D:1      | croobank the Gnoll Fire Elementalist began the quest for
                  | the Orb.
     0 | D:1      | Reached XP level 1. HP: 13/13 MP: 6/6
   214 | D:1      | Found a faded altar of an unknown god.
   256 | D:1      | Reached XP level 2. HP: 19/19 MP: 5/7
   335 | D:1      | Found Laufyach's Distillery.
  1015 | D:2      | Reached XP level 3. HP: 25/25 MP: 6/9
  1023 | D:2      | Learned a level 2 spell: Scorch
  1038 | D:2      | Reached skill level 5 in Spellcasting
  1092 | D:2      | Reached skill level 1 in Invocations
  1155 | D:2      | Reached skill level 1 in Fighting
  1155 | D:2      | Reached skill level 1 in Short Blades
  1155 | D:2      | Reached skill level 1 in Long Blades
  1155 | D:2      | Reached skill level 1 in Axes
  1155 | D:2      | Reached skill level 1 in Maces & Flails
  1155 | D:2      | Reached skill level 1 in Polearms
  1155 | D:2      | Reached skill level 1 in Staves
  1155 | D:2      | Reached skill level 1 in Slings
  1155 | D:2      | Reached skill level 1 in Bows
  1155 | D:2      | Reached skill level 1 in Crossbows
  1155 | D:2      | Reached skill level 1 in Throwing
  1155 | D:2      | Reached skill level 1 in Armour
  1155 | D:2      | Reached skill level 1 in Shields
  1155 | D:2      | Reached skill level 1 in Unarmed Combat
  1155 | D:2      | Reached skill level 1 in Evocations
  1520 | D:2      | Reached XP level 4. HP: 32/32 MP: 7/11
  1985 | D:3      | Noticed Sigmund
  1992 | D:3      | Killed Sigmund
  1993 | D:3      | Reached skill level 1 in Hexes
  1993 | D:3      | Reached skill level 1 in Summonings
  1993 | D:3      | Reached skill level 1 in Necromancy
  1993 | D:3      | Reached skill level 1 in Translocations
  1993 | D:3      | Reached skill level 1 in Transmutations
  1993 | D:3      | Reached skill level 1 in Ice Magic
  1993 | D:3      | Reached skill level 1 in Air Magic
  1993 | D:3      | Reached skill level 1 in Earth Magic
  1993 | D:3      | Reached skill level 1 in Poison Magic
  1993 | D:3      | Reached XP level 5. HP: 28/38 MP: 3/12
  2321 | D:3      | Noticed Terence
  2335 | D:3      | Killed Terence
  2336 | D:3      | Reached XP level 6. HP: 44/44 MP: 6/13
  2605 | D:3      | Identified the +2 hunting sling "Bingo" {freeze, rF+++ rC-}
  2690 | D:3      | Reached skill level 5 in Dodging
  3112 | D:3      | Learned a level 4 spell: Flame Wave
  3261 | D:3      | Learned a level 5 spell: Yara's Violent Unravelling
  3772 | D:4      | Reached XP level 7. HP: 48/50 MP: 6/15
  4164 | D:5      | Entered Level 5 of the Dungeon
  4406 | D:5      | Found a glowing drain.
  4479 | Sewer    | Entered a sewer
  4557 | Sewer    | Reached skill level 5 in Stealth
  4577 | Sewer    | Reached XP level 8. HP: 54/57 MP: 5/16
  5332 | D:5      | Found a staircase to the Ecumenical Temple.
  5386 | Temple   | Entered the Ecumenical Temple
  5393 | Temple   | Became a worshipper of Hepliaklqana the Forgotten
  6492 | D:6      | Reached XP level 9. HP: 63/65 MP: 8/18
  7298 | D:7      | Noticed Duvessa
  7298 | D:7      | Noticed Menkaure
  7304 | D:7      | Noticed Dowan
  7313 | D:7      | Killed Menkaure
  7313 | D:7      | Killed Duvessa
  7327 | D:7      | Reached * piety under Hepliaklqana
  7352 | D:7      | Noticed a kobold demonologist
  7367 | D:7      | Noticed a red devil
  7369 | D:7      | Killed a kobold demonologist
  7370 | D:7      | Reached skill level 5 in Invocations
  7576 | D:7      | Killed Dowan
  7667 | D:7      | Found a runed translucent door.
  7672 | D:7      | Noticed Crazy Yiuf
  7677 | D:7      | Killed Crazy Yiuf
  8132 | D:8      | Identified the +5 trident "Dragon's Death Toll" {vorpal,
                  | *Corrode rElec Will+}
  8153 | D:8      | Reached ** piety under Hepliaklqana
  8154 | D:8      | Remembered your ancestor Wystan as a battlemage
  8175 | D:8      | Reached XP level 10. HP: 65/65 MP: 20/20
  8383 | D:8      | You fall into a shaft and drop 3 floors!
  8538 | D:11     | Reached skill level 5 in Fighting
  8538 | D:11     | Reached skill level 5 in Short Blades
  8538 | D:11     | Reached skill level 5 in Long Blades
  8538 | D:11     | Reached skill level 5 in Axes
  8538 | D:11     | Reached skill level 5 in Maces & Flails
  8538 | D:11     | Reached skill level 5 in Polearms
  8538 | D:11     | Reached skill level 5 in Staves
  8538 | D:11     | Reached skill level 5 in Slings
  8538 | D:11     | Reached skill level 5 in Bows
  8538 | D:11     | Reached skill level 5 in Crossbows
  8538 | D:11     | Reached skill level 5 in Throwing
  8538 | D:11     | Reached skill level 5 in Armour
  8538 | D:11     | Reached skill level 5 in Shields
  8538 | D:11     | Reached skill level 5 in Unarmed Combat
  8538 | D:11     | Reached skill level 5 in Evocations
  8739 | D:10     | Entered Level 10 of the Dungeon
  9086 | D:9      | Noticed a two-headed ogre
  9096 | D:9      | Killed a two-headed ogre
  9187 | D:9      | Reached skill level 5 in Conjurations
 10261 | D:9      | Reached *** piety under Hepliaklqana
 10561 | D:9      | Reached XP level 11. HP: 43/72 MP: 17/22
 10756 | D:10     | Found Gestrido's Antique Armour Boutique.
 10776 | D:10     | Noticed a cyclops
 10784 | D:10     | Killed a cyclops
 11246 | D:10     | Reached skill level 5 in Hexes
 11246 | D:10     | Reached skill level 5 in Summonings
 11246 | D:10     | Reached skill level 5 in Necromancy
 11246 | D:10     | Reached skill level 5 in Translocations
 11246 | D:10     | Reached skill level 5 in Transmutations
 11246 | D:10     | Reached skill level 5 in Ice Magic
 11246 | D:10     | Reached skill level 5 in Air Magic
 11246 | D:10     | Reached skill level 5 in Earth Magic
 11246 | D:10     | Reached skill level 5 in Poison Magic
 11249 | D:10     | Found a staircase to the Orcish Mines.
 11249 | D:10     | Noticed an orc knight
 11269 | D:10     | Slain by an orc warrior

Illustrated notes

Levels and vault maps discovered:
D:1:      dpeg_arrival_chambers_temple_mockup, layout_basic, serial_shops,
          nicolae_shop_window_shopping, nicolae_ecumenical_lake_church
D:2:      kennysheep_big_flooded_room, layout_loops_cross
D:3:      layout_basic, corner_web_ring, uniq_sigmund, uniq_terence
D:4:      layout_loops_ring, serial_bayou_pond_d
D:5:      layout_basic, minmay_temple_entry_wispy, gup_sewer_entry_bowl,
          grunt_ministairs_3, st_stairs_9, grunt_decor_resistance
D:6:      layout_loops_ring
D:7:      layout_cave_pools, uniq_menkaure, uniq_duvessa,
          uniq_crazy_yiuf_cottage
D:8:      corexii_shantytown, layout_basic, worms_lemuel
D:9:      layout_loops_corners, enter_bailey_2
D:10:     layout_gridville, mainiacjoe_overflow_catwalk, david_orc_5,
          serial_shops, shop, minmay_curled_crystal, minmay_pinched_square
D:11:     layout_basic, erik_lair_orcish_takeover, serial_curves,
          eino_curves_03, eino_curves_03, minmay_misc_feat_tower,
          minmay_increasing_density
Temple:   minmay_crystal_snake_temple

Skill      XL: |  1  2  3  4  5  6  7  8  9 10 11 |
---------------+----------------------------------+-----
Conjurations   | 2 3 4 5 |  5.5
Spellcasting   | 5 6 7 |  7.9
Invocations    | 1 2 3 4 5 6 |  6.6
Fighting       | 1 2 3 4 5 6 |  6.0
Short Blades   | 1 2 3 4 5 6 |  6.0
Long Blades    | 1 2 3 4 5 6 |  6.0
Axes           | 1 2 3 4 5 6 |  6.0
Maces & Flails | 1 2 3 4 5 6 |  6.0
Polearms       | 1 2 3 4 5 6 |  6.0
Staves         | 1 2 3 4 5 6 |  6.0
Slings         | 1 2 3 4 5 6 |  6.0
Bows           | 1 2 3 4 5 6 |  6.0
Crossbows      | 1 2 3 4 5 6 |  6.0
Throwing       | 1 2 3 4 5 6 |  6.0
Armour         | 1 2 3 4 5 6 |  6.0
Shields        | 1 2 3 4 5 6 |  6.0
Unarmed Combat | 1 2 3 4 5 6 |  6.0
Evocations     | 1 2 3 4 5 6 |  6.0
Hexes          | 1 2 3 4 5 |  5.0
Summonings     | 1 2 3 4 5 |  5.0
Necromancy     | 1 2 3 4 5 |  5.0
Translocations | 1 2 3 4 5 |  5.0
Transmutations | 1 2 3 4 5 |  5.0
Ice Magic      | 1 2 3 4 5 |  5.0
Air Magic      | 1 2 3 4 5 |  5.0
Earth Magic    | 1 2 3 4 5 |  5.0
Poison Magic   | 1 2 3 4 5 |  5.0
Dodging        | 5 6 7 |  7.6
Stealth        | 5 6 7 |  7.4
Fire Magic     | 6 7 |  7.5

Action                   |  1- 3 |  4- 6 |  7- 9 | 10-12 || total
-------------------------+-------+-------+-------+-------++-------
Melee: Dagger            |    22 |    13 |    42 |       ||    77
       Bite              |     3 |       |     8 |     1 ||    12
       Whip              |       |       |    71 |       ||    71
       Punch             |       |       |     2 |     4 ||     6
       Trident           |       |       |     3 |    63 ||    66
       Quarterstaff      |       |       |     3 |       ||     3
 Fire: Hand crossbow     |       |     2 |       |       ||     2
 Cast: Foxfire           |    44 |    34 |    75 |    37 ||   190
       Scorch            |     5 |    18 |    83 |    55 ||   161
       Flame Wave        |       |       |     6 |     8 ||    14
Invok: Ancestor Life: Ba |       |       |     1 |       ||     1
       Recall Ancestor   |       |       |       |     1 ||     1
  Use: Scroll            |       |     3 |    16 |     9 ||    28
       Potion            |       |       |     8 |     1 ||     9
 Stab: Sleeping          |       |     4 |     2 |     4 ||    10
       Distracted        |       |       |       |     2 ||     2
Armor: Robe              |     6 |       |       |       ||     6
       Leather armour    |     1 |     4 |    83 |    48 ||   136
       Troll leather arm |       |       |       |     2 ||     2
Dodge: Dodged            |    23 |    12 |   175 |   100 ||   310
